 Dungeon Crawl Stone Soup version 0.19-a0-965-g50bf062 (webtiles) character file.

72 Leszczynek the Charmwright (level 4, -8/33 HPs)
             Began as a Demonspawn Skald on July 12, 2016.
             Mangled by Crazy Yiuf
             ... wielding a +4 quarterstaff of chaos
              (10 damage)
             ... while paralysed by Crazy Yiuf
             ... on level 3 of the Dungeon.
             The game lasted 00:06:46 (2343 turns).

Leszczynek the Charmwright (Demonspawn Skald)       Turns: 2343, Time: 00:06:47

Health: -8/33      AC:  4    Str: 12 (14) XL:     4   Next: 6%
Magic:  1/7        EV:  2    Int: 12 (13) God:
Gold:   122        SH:  0    Dex: 10 (12) Spells: 3 memorised, 1 level left

rFire  . . .     SeeInvis .     a - +0 flail
rCold  . . .     Gourm    .     l - +0 leather armour
rNeg   + . .     Faith    .     (no shield)
rPois  .         Spirit   .     (helmet restricted)
rElec  .         Dismiss  .     (no cloak)
rCorr  .         Reflect  .     (no gloves)
SustAt .         Harm     .     k - +0 pair of boots
MR     .....                    (no amulet)
Stlth  ++........               u - ring of positive energy
                                n - +6 ring of evasion

@: paralysed, infused (expiring), very slightly contaminated, drained, not
resistant to hostile enchantments, unstealthy
A: antennae 1, nightstalker 1, powered by death 1
a: no special abilities


You were on level 3 of the Dungeon.
You were not hungry.

You visited 1 branch of the dungeon, and saw 3 of its levels.

You collected 122 gold pieces.

Inventory:

Hand Weapons
 a - a +0 flail (weapon)
 b - a +0 hunting sling
Missiles
 s - 25 sling bullets
 y - 3 tomahawks (quivered)
Armour
 k - a +0 pair of boots (worn)
 l - a +0 leather armour (worn)
Jewellery
 g - an uncursed amulet of dismissal
 n - a +6 ring of evasion (left hand)
 u - a ring of positive energy (right hand)
Scrolls
 f - a scroll of remove curse {unknown}
 j - 2 scrolls of enchant armour {unknown}
 o - 3 scrolls of identify {unknown}
 r - a scroll of noise {unknown}
 w - a scroll of amnesia {unknown}
Potions
 e - 2 potions of cure mutation
 i - a potion of haste {unknown}
 p - 2 potions of degeneration
 v - a potion of heal wounds {unknown}
 x - a potion of curing {unknown}
Books
 c - a book of Battle

   Spells                             Type                      Level
   a - Infusion                       Charms                       1
   b - Shroud of Golubria             Charms/Translocation         2
   c - Song of Slaying                Charms                       2
   d - Spectral Weapon                Hexes/Charms                 3
   e - Regeneration                   Charms/Necromancy            3
Comestibles
 d - a bread ration
 h - 3 meat rations
 m - a beef jerky
 q - 10 fruits
 t - 3 chunks of flesh


   Skills:
 - Level 2.0(1.8) Fighting
 - Level 2.1(2.0) Maces & Flails
 - Level 0.8(0.7) Armour
 - Level 1.1(0.9) Dodging
 - Level 2.0(1.8) Spellcasting
 * Level 1.6(1.4) Hexes
 + Level 3.5(3.4) Charms
 + Level 1.1(1.0) Translocations


You had one spell level left.
You knew the following spells:

 Your Spells              Type           Power        Failure   Level  Hunger
a - Infusion              Chrm           #...         12%         1    ##.....
b - Shroud of Golubria    Chrm/Tloc      #.........   24%         2    ###....
c - Spectral Weapon       Hex/Chrm       #.......     45%         3    ####...


Dungeon Overview and Level Annotations

Branches:
Dungeon (3/15)

Altars:
The Shining One

Annotations:
D:3 Crazy Yiuf; Purgy; tstbtto's ghost, amateur MiFi


Innate Abilities, Weirdness & Mutations

You have a pair of small antennae on your head.
You are slightly more attuned to the shadows.
You regenerate a little health from kills.


Message History

Crazy Yiuf hits you with a quarterstaff of chaos.
You closely miss Crazy Yiuf.
Crazy Yiuf is moderately wounded.
Your shroud begins to fray at the edges.
Crazy Yiuf barely misses you.
Crazy Yiuf says, "Crazy?
Crazy!?
PORCUPINE!"
Your shroud unravels.
Crazy Yiuf grits, "Trifle shoe senile!"
It was a potion of cure mutation.
It has a very clean taste.
Your magical infusion is running out.
Crazy Yiuf closely misses you.
It was a potion of degeneration.
There was something very wrong with that liquid.
You feel weakened.
You feel dopey.
You feel clumsy.
Crazy Yiuf screams, "Ghoul head hand!"
Crazy Yiuf hits you with a quarterstaff of chaos!
* * * LOW HITPOINT WARNING * * *
You suddenly lose the ability to move!
Crazy Yiuf hits you with a quarterstaff of chaos!
You die...

######## ###
###.#.g..##
#...##..#.PP@..##
#...'.####.P....#
#)..###
##P....####.#. ###
#####...........#
##.####......#
#............#
######.#######...###
#.#.###.###.........
#..## ##.)..........


You could see Crazy Yiuf.

Vanquished Creatures
  Terence (D:2)
  2 dart slugs
  4 orcs
  2 giant cockroaches (D:2)
  4 goblins
  3 hobgoblins (D:2)
  3 kobolds (D:1)
  A quokka (D:2)
  3 ball pythons
  3 bats
  4 giant newts
  7 rats
37 creatures vanquished.

Notes
Turn   | Place    | Note
-------+----------+-------------------------------------------
     0 | D:1      | Leszczynek the Demonspawn Skald began the quest for the Orb.
     0 | D:1      | Reached XP level 1. HP: 16/16 MP: 3/3
    24 | D:1      | Reached skill level 1 in Dodging
    29 | D:1      | Reached skill level 2 in Maces & Flails
   483 | D:1      | Gained mutation: You regenerate a little health from kills. [demonic ancestry]
   483 | D:1      | Reached XP level 2. HP: 20/22 MP: 5/5
   487 | D:1      | Learned a level 2 spell: Shroud of Golubria
  1159 | D:2      | Reached skill level 3 in Charms
  1605 | D:2      | Gained mutation: You have a pair of small antennae on your head. [demonic ancestry]
  1605 | D:2      | Reached XP level 3. HP: 27/27 MP: 6/6
  1633 | D:2      | Found a glowing golden altar of the Shining One.
  1828 | D:3      | Noticed tstbtto's ghost (amateur MiFi)
  1892 | D:3      | Learned a level 3 spell: Spectral Weapon
  1960 | D:3      | Noticed Purgy
  1960 | D:3      | purgy?
  1960 | D:3      | in dungeon?
  2174 | D:3      | Noticed Terence
  2201 | D:2      | Killed Terence
  2201 | D:2      | Reached skill level 1 in Hexes
  2201 | D:2      | Reached skill level 1 in Translocations
  2255 | D:3      | Gained mutation: You are slightly more attuned to the shadows. [demonic ancestry]
  2255 | D:3      | Reached XP level 4. HP: 30/33 MP: 7/7
  2319 | D:3      | Found a runed door.
  2324 | D:3      | Noticed Crazy Yiuf
  2342 | D:3      | HP: 2/33 [Crazy Yiuf/quarterstaff of chaos (10)]
  2342 | D:3      | Paralysed by Crazy Yiuf for 6 turns
  2343 | D:3      | Mangled by Crazy Yiuf

Vault maps used:
D:1:      dpeg_arrival_boxes_within_box, minmay_tall_x
D:2:      bh_chokoban, nicolae_tso_swordbearing_angel
D:3:      first_bread, uniq_terence, uniq_crazy_yiuf_cottage, uniq_purgy

Skill      XL: |  1  2  3 |
---------------+----------+-----
Dodging        | 1 |  1.1
Maces & Flails | 2 |  2.1
Charms         | 3 |  3.5
Hexes          | 1 |  1.6
Translocations | 1 |  1.1
Fighting       | |  2.0
Armour         | |  0.8
Spellcasting   | |  2.0

Action                   |  1- 3 |  4- 6 || total
-------------------------+-------+-------++-------
Melee: Mace              |    81 |       ||    81
       Flail             |    33 |    12 ||    45
 Cast: Infusion          |     2 |     1 ||     3
       Shroud of Golubri |     1 |     1 ||     2
  Use: Potion            |       |     2 ||     2
  Eat: Chunk             |     4 |     1 ||     5
Armor: Leather armour    |    20 |     3 ||    23
Dodge: Dodged            |   108 |     9 ||   117
